 Dungeon Crawl Stone Soup version 0.31-a0-189-ga26ba32dd1 (webtiles) character file.

Game seed: 7668478331758979735

151 qw the Skirmisher (level 5, -7/29 HPs)
             Began as a Deep Elf Hunter on June 23, 2023.
             Killed from afar by an orc wizard (10 damage)
             ... with a puff of flame
             ... on level 3 of the Dungeon.
             The game lasted 00:00:47 (2021 turns).

qw the Skirmisher (Deep Elf Hunter)                 Turns: 2021, Time: 00:00:47

Health: -7/29      AC:  5    Str: 10    XL:     5   Next: 11%
Magic:  7/7        EV: 11    Int: 17    God:
Gold:   69         SH:  5    Dex: 18    Spells: 4/4 levels left

rFire   . . .        Y - +1 shortbow
rCold   + . .        (shield currently unavailable)
rNeg    . . .        f - +0 ring mail
rPois   +            (no helmet)
rElec   .            (no cloak)
rCorr   .            (no gloves)
SInv    .            (no boots)
Will    .....        a - amulet "Zifuty" {Reflect rPois rC+ Int+3 SH+5}
Stlth   +            (no ring)
HPRegen 0.24/turn    (no ring)
MPRegen 0.10/turn

%: reflection
@: no status effects
A: no striking features
a: no special abilities


You were on level 3 of the Dungeon.
You visited 1 branch of the dungeon, and saw 3 of its levels.

You collected 69 gold pieces.


   Skills:
 - Level 1.5 Fighting
 + Level 8.5 Ranged Weapons
 - Level 2.4 Dodging
 - Level 1.2 Stealth


You had 4 spell levels left.
You didn't know any spells.
Your spell library was empty.

Inventory:

Hand Weapons
 Y - a +1 shortbow (weapon)
Armour
 f - a +0 ring mail (worn)
 i - a +0 pair of boots
Jewellery
 a - the amulet "Zifuty" (around neck) {Reflect rPois rC+ Int+3 SH+5}
   (You acquired it on level 1 of the Dungeon)

   [amulet of reflection]

   It reflects blocked missile attacks.
   Int:       It affects your intelligence (+3).
   rC:        It protects you from cold.
   rPois:     It protects you from poison.
   SH:        It affects your SH (+5).
Scrolls
 d - 2 scrolls of identify
 e - a scroll of revelation {unknown}
 j - 2 scrolls of noise {unknown}
Potions
 b - 3 potions of curing
 c - 2 potions of haste
 g - a potion of might
 h - 2 potions of attraction {unknown}

Dungeon Overview and Level Annotations

Branches:
Dungeon (3/15)

Altars:


Message History

The orc is almost dead.
Something hits you but does no damage. The orc hits you with a +0 hand axe.
You shoot an arrow.
The arrow hits the orc but does no damage.
The orc is almost dead.
Something hits you. The orc hits you with a +0 hand axe.
You shoot an arrow. The arrow hits the orc!
You kill the orc!
You block something's attack.
You shoot an arrow.
The arrow barely misses the frilled lizard.
You hear some strange, mumbled words.
A puff of flame appears from out of thin air!
The puff of flame misses you.
The frilled lizard bites you but does no damage.
You shoot an arrow. The arrow hits the frilled lizard!
You kill the frilled lizard!
Something hits you but does no damage. x2
You shoot an arrow. Something hits you.
You shoot an arrow. Something hits you but does no damage.
You shoot an arrow. Something hits you but does no damage.
You shoot an arrow. Something hits you but does no damage.
You shoot an arrow. Something hits you.
You shoot an arrow.
You hear some strange, mumbled words.
A puff of flame appears from out of thin air!
The puff of flame hits you!
An orc comes into view. It is wielding a +0 short sword.
2019 ||| FLEEEEING.
2020 ||| FLEEEEING.
2021 ||| FLEEEEING.
Something hits you but does no damage.
You hear some strange, mumbled words.
A puff of flame appears from out of thin air!
The puff of flame hits you!
You die...

..... #. #.#.#..
.. ....... ..
#.#.#.. .#
.......## .#
#.......# .#
#.......###)#.###.
#........{.o......
#......@....#####.
#.......#####
#....<..#
#.......#
###.#(...##
.........#
####...###
#.......###### #.
#............#


You could see an orc.

Vanquished Creatures
  A scorpion (D:3)
  4 adders (D:2)
  A worm (D:2)
  A dart slug (D:1)
  8 orcs
  3 bats (D:1)
  3 endoplasms
  6 goblins
  5 hobgoblins
  2 quokkas (D:2)
  4 ball pythons
  3 frilled lizards
  3 kobolds
  3 rats
47 creatures vanquished.

Notes
Turn   | Place    | Note
-------+----------+-------------------------------------------
     0 | D:1      | qw the Deep Elf Hunter began the quest for the Orb.
     0 | D:1      | Reached XP level 1. HP: 12/12 MP: 3/3
     0 | D:1      | 0 ||| qw: Version: 0.3-a-9-g12657ce
     0 | D:1      | 0 ||| qw: Game counter: 4459
     0 | D:1      | 0 ||| qw: Always use a shield: true
     0 | D:1      | 0 ||| qw: God list: Okawaru
     0 | D:1      | 0 ||| qw: Allow faded altars: false
     0 | D:1      | 0 ||| qw: Do Orc after D:15 true
     0 | D:1      | 0 ||| qw: Do second Lair branch before Depths: true
     0 | D:1      | 0 ||| qw: Lair rune preference: random
     0 | D:1      | 0 ||| qw: Plans: Normal
     0 | D:1      | 0 ||| PLANNING D:1-11
   409 | D:1      | Reached skill level 6 in Ranged Weapons
   409 | D:1      | Reached XP level 2. HP: 16/16 MP: 4/4
   882 | D:1      | 882 ||| UPGRADING to +0 ring mail.
   892 | D:1      | 892 ||| DROPPING +0 leather armour.
   893 | D:1      | 893 ||| READING scroll labelled YLOLLO OBAM.
   893 | D:1      | Identified a scroll of acquirement
   893 | D:1      | 893 ||| ACQUIRING amulet "Zifuty" {Reflect rPois rC+ Int+3
                  | SH+5}
   893 | D:1      | Acquired the amulet "Zifuty" {Reflect rPois rC+ Int+3 SH+5}
   895 | D:1      | 895 ||| UPGRADING to amulet "Zifuty" {Reflect rPois rC+
                  | Int+3 SH+5}.
   900 | D:1      | 900 ||| READING scroll labelled NIUGI HOEHIDD.
   901 | D:1      | 901 ||| DROPPING scroll of butterflies.
   998 | D:2      | Reached XP level 3. HP: 20/20 MP: 5/5
  1125 | D:2      | Reached skill level 7 in Ranged Weapons
  1352 | D:2      | Reached XP level 4. HP: 25/25 MP: 6/6
  1595 | D:2      | 1595 ||| READING 4 scrolls labelled DUAMY ZEAHAL.
  1596 | D:2      | 1596 ||| READING scroll labelled ZIKIBBU PAKOTS.
  1597 | D:2      | 1597 ||| READING scroll labelled VYOFOT LEAMP.
  1598 | D:2      | 1598 ||| READING scroll labelled ALORA XEOCVYEGH.
  1599 | D:2      | 1599 ||| READING 3 scrolls labelled GUDWU VOIDI.
  1600 | D:2      | 1600 ||| DRINKING 3 brown potions.
  1601 | D:2      | 1601 ||| DRINKING 2 black potions.
  1602 | D:2      | 1602 ||| READING 3 scrolls of identify.
  1602 | D:2      | 1602 ||| IDENTIFYING lumpy orange potion
  1603 | D:2      | 1603 ||| READING 2 scrolls of identify.
  1603 | D:2      | 1603 ||| IDENTIFYING grey potion
  1604 | D:2      | 1604 ||| DROPPING potion of invisibility.
  1605 | D:2      | 1605 ||| DROPPING 2 scrolls of immolation.
  1623 | D:3      | 1623 ||| STAIRDANCE
  1960 | D:3      | Noticed a scorpion
  1972 | D:3      | Killed a scorpion
  1973 | D:3      | Reached skill level 8 in Ranged Weapons
  1973 | D:3      | Reached XP level 5. HP: 29/29 MP: 7/7
  2018 | D:3      | HP: 3/29 [something/puff of flame (8)]
  2019 | D:3      | 2019 ||| FLEEEEING.
  2020 | D:3      | 2020 ||| FLEEEEING.
  2021 | D:3      | 2021 ||| FLEEEEING.
  2021 | D:3      | Killed from afar by an orc wizard

Levels and vault maps discovered:
D:1:      dpeg_arrival_circle_labyrinth_c, layout_loops_ring
D:2:      layout_basic
D:3:      layout_loops_ring, serial_glass, glass_columns_a, glass_columns_b,
          nrook_mini_backslash, kennysheep_jessica_study

Skill      XL: |  1  2  3  4 |
---------------+-------------+-----
Ranged Weapons | 6 7 8 |  8.5
Fighting       | |  1.5
Dodging        | |  2.4
Stealth        | |  1.2

Action                     |  1- 3 |  4- 6 || total
---------------------------+-------+-------++-------
   Fire: Shortbow          |    94 |    61 ||   155
    Use: Scroll            |     2 |     7 ||     9
         Potion            |       |     2 ||     2
 Armour: Leather armour    |     2 |       ||     2
         Ring mail         |    11 |    16 ||    27
  Dodge: Dodged            |    15 |    12 ||    27
  Block: Other             |     4 |     9 ||    13

Table legend:
 A = Non-vault XP
 B = Vault XP
 C = Vault XP percentage of total XP
 D = Non-vault monster count
 E = Vault monster count
 F = Vault count percentage of total count
                 A         B        C        D         E       F
            +---------+---------+-------+---------+---------+-------
      Total |     217 |       0 |   0.0 |      47 |       0 |   0.0
            +---------+---------+-------+---------+---------+-------
        D:1 |      24 |       0 |   0.0 |      13 |       0 |   0.0
        D:2 |      94 |       0 |   0.0 |      24 |       0 |   0.0
        D:3 |      99 |       0 |   0.0 |      10 |       0 |   0.0
            +---------+---------+-------+---------+---------+-------
